 Dungeon Crawl Stone Soup version 0.31-a0-325-g067879e3d3 (webtiles) character file.

Game seed: 3467525660562298615

104 omnomnOMINOUS the Twirler (level 4, -2/30 HPs)
             Began as an Octopode Wanderer on July 13, 2023.
             Was a Follower of Makhleb.
             Slain by a gnoll
             ... wielding a +0 halberd
              (14 damage)
             ... on level 2 of the Dungeon on July 18, 2023.
             The game lasted 00:05:38 (1603 turns).

omnomnOMINOUS the Twirler (Octopode Wanderer)       Turns: 1603, Time: 00:05:39

Health: -2/30      AC:  1    Str: 11    XL:     4   Next: 80%
Magic:  7/7        EV: 13    Int: 15    God:    Makhleb [*.....]
Gold:   79         SH:  0    Dex: 12    Spells: 7/8 levels left

rFire   . . .        a - +2 quarterstaff
rCold   . . .        (shield currently unavailable)
rNeg    . . .        b - +0 hat
rPois   .            (no amulet)
rElec   .            (no ring)
rCorr   .            (no ring)
SInv    .            (no ring)
Will    .....        (no ring)
Stlth   ++           (no ring)
HPRegen 0.25/turn    (no ring)
MPRegen 0.10/turn    (no ring)
                     (no ring)

%: no passive effects
@: about to teleport, studying Polearms
A: almost no armour, amphibious, 8 rings, camouflage 1, gelatinous body 1,
(nimble swimmer 1), tentacles
a: Renounce Religion


You were on level 2 of the Dungeon.
You worshipped Makhleb.
Makhleb was aware of your devotion.
You visited 1 branch of the dungeon, and saw 2 of its levels.

You collected 79 gold pieces.

Inventory:

Hand Weapons
 a - a +2 quarterstaff (weapon)
 j - a +0 whip of venom
Missiles
 f - 2 poisoned darts
Armour
 b - a +0 hat (worn)
Jewellery
 h - a ring of fire
Scrolls
 c - a scroll of teleportation
 d - 3 scrolls of identify {unknown}
 e - a scroll of torment {unknown}
 i - a scroll of poison {unknown}
 k - a scroll of vulnerability {unknown}


   Skills:
 + Level 2.4 Fighting
 * Level 2.3(3.1) Polearms
 - Level 3.0(3.4) Staves
 + Level 3.0 Dodging
 - Level 2.5 Spellcasting
 - Level 2.4 Poison Magic
 + Level 1.0 Invocations


You had 7 spell levels left.
You knew the following spells:

 Your Spells              Type           Power      Damage    Failure   Level
a - Sting                 Tmut/Pois      20%        1d4       13%         1

Your spell library contained the following spells:

 Spells                   Type           Power      Damage    Failure   Level
 Ignite Poison            Fire/Tmut/Pois 4%         N/A       41%         3
 Dazzling Flash           Conj/Hex       2%         N/A       54%         3
 Volatile Blastmotes      Fire/Tloc      2%         2d10      54%         3
 Starburst                Conj/Fire      0%         6d3       100%        6
 Maxwell's Capacitive Co  Air            0%         ∞         100%        8


Dungeon Overview and Level Annotations

Branches:
Dungeon (2/15)

Altars:
Makhleb


Innate Abilities, Weirdness & Mutations

You cannot wear most types of armour.
You are amphibious.
You can wear up to eight rings at the same time.
Your skin changes colour to match your surroundings (Stealth+).
Your rubbery body absorbs attacks. (AC +1, EV +1)
((You are camouflaged when in or above water. (Stealth+)))
You have tentacles for arms and can constrict up to eight enemies at once.


Message History

You hit the rat. You grab the rat.
The rat is severely wounded.
You constrict the rat.
You kill the rat!
Makhleb accepts your kill.
No target in view!
You open the door.
A rat comes into view.
A rat is nearby!
There is an open door here.
The helpless rat fails to defend itself.
You sock the rat!
You kill the rat!
Makhleb accepts your kill.
You can now gain health from killing.
No target in view!
The gnoll shouts!
The gnoll shouts! x3
The gnoll closely misses you. The gnoll attacks as you move away!
The gnoll hits you with a +0 club. The gnoll attacks as you move away!
The gnoll hits you with a +0 club.
You closely miss the gnoll. You grab the gnoll. You constrict the gnoll.
The gnoll hits you with a +0 club.
You hit the gnoll but do no damage.
The gnoll is lightly wounded.
You constrict the gnoll. The gnoll hits you with a +0 club!
You hit the gnoll.
The gnoll is severely wounded.
You constrict the gnoll. The gnoll barely misses you.
You barely miss the gnoll. You squeeze the gnoll.
The gnoll is almost dead.
You constrict the gnoll.
You kill the gnoll!
Makhleb accepts your kill.
The gnoll hits you from afar with a +0 halberd!
Your Dodging skill increases to level 3!
You aren't carrying any potions.
As you read the scroll of teleportation, it crumbles to dust.
You feel strangely unstable.
The gnoll hits you from afar with a +0 halberd!
You die...

~.... ####~~~≈≈~# #.# #.#
###. #.#~~~~# #.# #.#
#..# #.###### #.# #.#
#..#####.# ##.# #.#
#..##....# ...# #.#
#..##.#### .### #.#
#..##.# .# #.#
#..##.############.# #.#
#..#..[#......@)gg.# #.#
#.........#######g.# #.#
#.##...#..# #..# #.#
#..##.##..# #g.# #.#
##.##.##..### #..# #.#
#†##.......#####gg#####.#
#.##.##.##..............#
#<##.##.########..#######
#.##.##.# #..<..##


You could see 3 gnolls.

Vanquished Creatures
  Robin (D:2)
  An adder (D:2)
  A gnoll (D:2)
  4 bats
  6 endoplasms
  4 giant cockroaches
  11 goblins
  10 hobgoblins
  4 jackals (D:1)
  4 kobolds
  3 quokkas
  5 ball pythons (D:1)
  2 frilled lizards
  13 rats
69 creatures vanquished.

Notes
Turn   | Place    | Note
-------+----------+-------------------------------------------
     0 | D:1      | omnomnOMINOUS the Octopode Wanderer began the quest for the
                  | Orb.
     0 | D:1      | omnomnOMINOUS set off with the following items: a +2
                  | quarterstaff, a +0 hat, a scroll of fear; and the following
                  | spell memorised: Sting; and the following spells available
                  | to memorise: Ignite Poison.
     0 | D:1      | Reached XP level 1. HP: 13/13 MP: 3/3
    37 | D:1      | Reached XP level 2. HP: 7/18 MP: 5/5
   103 | D:1      | Upgraded the game from 0.31-a0-263-ge8cad7f256 to
                  | 0.31-a0-325-g067879e3d3
   388 | D:1      | Reached XP level 3. HP: 24/24 MP: 6/6
   777 | D:2      | Found a burning altar of Makhleb.
   801 | D:2      | Became a worshipper of Makhleb the Destroyer
   861 | D:2      | Noticed Robin
   875 | D:2      | Reached skill level 1 in Polearms
   875 | D:2      | Reached XP level 4. HP: 8/29 MP: 7/7
  1029 | D:2      | Killed Robin
  1305 | D:2      | Reached skill level 1 in Invocations
  1519 | D:2      | Reached * piety under Makhleb
  1603 | D:2      | Slain by a gnoll

Illustrated notes

Levels and vault maps discovered:
D:1:      amcnicky_arrival_wind_blow, layout_basic
D:2:      wander_river, layout_loops_ring, basic_altar, minmay_rat_gold_closets,
          uniq_robin

Skill      XL: |  1  2  3  4 |
---------------+-------------+-----
Fighting       | 2 |  2.4
Polearms       | 1 2 |  2.3
Invocations    | 1 |  1.0
Dodging        | 3 |  3.0
Staves         | |  3.0
Spellcasting   | |  2.5
Poison Magic   | |  2.4

Action                     |  1- 3 |  4- 6 || total
---------------------------+-------+-------++-------
  Melee: Quarterstaff      |    75 |    48 ||   123
         Constrict         |    17 |    14 ||    31
         Tentacles         |     7 |     8 ||    15
    Use: Potion            |     2 |       ||     2
         Scroll            |       |     3 ||     3
   Stab: Sleeping          |    11 |     1 ||    12
         Distracted        |     1 |       ||     1
 Armour: Skin              |     6 |     3 ||     9
  Dodge: Dodged            |    41 |    25 ||    66

Table legend: (Time is in decaauts)
 A = Elapsed time spent in this place.
 B = Non-inter-level travel time spent in this place.
 C = Inter-level travel time spent in this place.
 D = Time resting spent in this place.
 E = Time spent auto-exploring this place.
 F = Levels seen in this place.
 G = Mean time per level.
                   A        B        C        D        E       F      G
               +--------+--------+--------+--------+--------+-----+--------+
         Total |   1620 |   1605 |     15 |    253 |    879 |   2 |  810.0 |
       Dungeon |   1620 |   1605 |     15 |    253 |    879 |   2 |  810.0 |
               +--------+--------+--------+--------+--------+-----+--------+

Top non-repeatable levels by time:
     D:2: 963 daAuts
     D:1: 656 daAuts
